 Dungeon Crawl Stone Soup version 0.32-a0-961-gd60f5e5fc7 (webtiles) character file.

Game seed: 4886193001835480176

12016 araganzar the Party-goer (level 11, -1/81 HPs)
             Began as a Demonspawn Shapeshifter on Apr 18, 2024.
             Was a Follower of Uskayaw.
             Killed from afar by an eye of devastation (49 damage)
             ... with a bolt of devastation
             ... in a Gauntlet.
             The game lasted 01:00:15 (11763 turns).

araganzar the Party-goer (Demonspawn Shapeshifter) Turns: 11763, Time: 01:00:16

Health: -1/81      AC: 16    Str: 16    XL:     11   Next: 56%
Magic:  16/16      EV:  9    Int: 10    God:    Uskayaw [*.....]
Gold:   595        SH:  0    Dex: 14    Spells: 6/10 levels left

rFire   + . .        M - +2 dagger (venom)
rCold   + . .        (no shield)
rNeg    . . .        j - +0 scale mail
rPois   +            L - +2 hat
rElec   +            l - scarf of Pathos {rC+ rF+, ^Contam rElec Slay+2 Stlth+}
rCorr   .            (no gloves)
SInv    .            F - +1 pair of boots
Will    .....        (no amulet)
Stlth   +            J - ring of poison resistance {rPois, !d}
HPRegen 0.33/turn    A - +4 ring of slaying
MPRegen 0.15/turn

%: no teleportation
@: confused, weak-willed, sanguine armoured
A: powered by death 1, spiny 1, sanguine armour 1, weakness stinger 1, low MP 1,
weak 1, inability to read after injury 1
a: Renounce Religion, Stomp


You were in a Gauntlet.
You worshipped Uskayaw.
Uskayaw was aware of your devotion.
You visited 3 branches of the dungeon, and saw 12 of its levels.
You also visited: Sewer and Gauntlet.

You collected 595 gold pieces.


Innate Abilities, Weirdness & Mutations

You regenerate a little health from kills.
You are partially covered in sharp spines.
When seriously injured, your blood forms armour. (AC +6)
You have a small tail.
Your magical capacity is low. (-10% MP)
You are weak. (Str -2)
You occasionally lose the ability to read scrolls when taking damage.


   Skills:
 - Level 6.0 Fighting
 + Level 8.5 Short Blades
 - Level 1.6(2.9) Maces & Flails
 - Level 3.7(4.0) Staves
 - Level 4.0 Throwing
 - Level 4.0 Dodging
 - Level 6.0 Stealth
 - Level 2.6 Unarmed Combat
 - Level 10.0 Invocations
 - Level 3.0 Evocations
 - Level 7.0 Shapeshifting


You had 6 spell levels left.
You knew the following spells:

 Your Spells              Type           Power      Damage    Failure   Level
g - Apportation           Tloc           0%         N/A       82%         1
x - Mephitic Cloud        Conj/Alch/Air  0%         N/A       99%         3

Your spell library contained the following spells:

 Spells                   Type           Power      Damage    Failure   Level
 Magic Dart               Conj           0%         1d3       82%         1
 Shock                    Conj/Air       0%         1d3       82%         1
 Cigotuvi's Dreadful Rot  Necr/Alch/Air  0%         N/A       91%         2
 Jinxbite                 Hex            0%         N/A       91%         2
 Mercury Vapours          Alch/Air       0%         N/A       91%         2
 Searing Ray              Conj           0%         2d4       91%         2
 Sigil of Binding         Hex            0%         N/A       99%         3
 Swiftness                Air            0%         N/A       99%         3
 Airstrike                Air            0%         2d(0-16)  100%        4
 Anguish                  Hex/Necr       0%         N/A       100%        4
 Brom's Barrelling Bould  Conj/Erth      0%         2d3       100%        4
 Cause Fear               Hex            0%         N/A       100%        4
 Fulminant Prism          Conj/Alch      0%         3d5       100%        4
 Ignite Poison            Fire/Alch      0%         N/A       100%        4
 Alistair's Intoxication  Alch           0%         N/A       100%        5
 Freezing Cloud           Conj/Ice/Air   0%         6-21      100%        5
 Bombard                  Conj/Erth      0%         9d1       100%        6
 Enfeeble                 Hex            0%         N/A       100%        7
 Malign Gateway           Summ/Tloc      0%         N/A       100%        7
 Seismic Cannonade        Alch/Erth      0%         6d4       100%        7
 Summon Horrible Things   Summ           0%         N/A       100%        8

Inventory:

Hand Weapons
 a - a +0 sling
   (You found it on level 1 of the Dungeon)
 y - a +3 dagger of chaos
   (You took it off a goblin on level 3 of the Dungeon)
 M - a +2 dagger of venom (weapon)
   (You took it off an orc wizard on level 8 of the Dungeon)
 O - a +0 whip of electrocution
   (You took it off Pikel on level 8 of the Dungeon)
Missiles
 h - 45 poisoned darts (quivered)
 x - a curare-tipped dart
 N - 6 boomerangs
 U - a throwing net {=f, !d}
 W - 3 atropa-tipped darts
Armour
 j - a +0 scale mail (worn)
   (You found it on level 1 of the Dungeon)
 l - the scarf of Pathos (worn) {rC+ rF+, ^Contam rElec Slay+2 Stlth+}
   (You acquired it on level 5 of the Dungeon)

   Slay+2:    It affects your accuracy & damage with ranged weapons and melee
   (+2).
   rElec:     It insulates you from electricity.
   ^Contam:   It causes magical contamination when unequipped.
   Stlth+:    It makes you more stealthy.
 F - a +1 pair of boots (worn)
   (You found it on level 4 of the Dungeon)
 L - a +2 hat (worn)
   (You found it on level 7 of the Dungeon)
Jewellery
 n - a ring of willpower
   (You found it on level 1 of the Dungeon)
 t - a ring of protection from fire {rF+, !d}
   (You found it on level 9 of the Dungeon)
 A - a +4 ring of slaying (right hand)
   (You found it on level 4 of the Dungeon)
 J - a ring of poison resistance (left hand) {rPois, !d}
   (You found it on level 7 of the Dungeon)
Talismans
 c - a beast talisman
Wands
 i - a wand of iceblast (3)
   (You found it on level 3 of the Dungeon)
Scrolls
 w - 3 scrolls of fear
 C - 3 scrolls of poison {!r}
 D - a scroll of fog
 H - a scroll of teleportation
 K - a scroll of blinking {!r}
Potions
 b - a potion of haste
 k - 2 potions of lignification {!q}
 m - 2 potions of heal wounds
 o - 3 potions of resistance
 q - 2 potions of enlightenment
 s - 2 potions of might
 u - a potion of cancellation
 E - 3 potions of magic
 T - a potion of ambrosia {unknown}

▒≈≈≈▒≈≈≈▒≈≈≈▒≈≈≈▒
▒≈...∩...∩...≈▒
▒▒...........▒▒
▒▒≈.....©.....≈▒▒
▒≈≈.▒▒▒▒▒▒▒▒▒.≈≈▒
▒▒≈.▒.......▒.≈▒▒
▒▒.▒.⌠.ßGß.▒.▒▒
▒▒≈.▒..P.P..▒.≈▒▒
▒≈≈.▒.▒.@G#.▒.≈≈▒
▒▒≈.▒..PGP..▒.≈▒▒
▒▒.▒.▒.░.▓.▒.▒▒
▒▒≈.▒...©!..▒.≈▒▒
▒≈≈.▒▒▒▒▒▒▒▒▒.≈≈▒
▒▒≈.▒ß..©▒....≈▒▒
▒▒.▒©...▒.ß..▒▒
▒▒≈.▒ß..©▒....≈▒▒
▒≈≈.▒▒▒▒▒▒▒▒▒.≈≈▒


You could see an eye of devastation and 2 golden eyes.


Message History

There is a transporter here.
You enter the transporter and appear at another place.
The golden eye blinks at you.
You are confused.
You completely miss the golden eye.
The golden eye turns its gaze towards you.
Your tail-slap misses the golden eye.
Unknown command.
You hit the golden eye. The golden eye blinks at you.
You are more confused.
You completely miss the golden eye. The eye of devastation gazes at you.
The bolt of devastation hits you!!!
Your willpower is stripped away!
Your blood congeals into armour.
The bolt of devastation hits the plant!!
The plant begins to die.
You take 40 damage, and have 41/81 hp.
MASSIVE DAMAGE!!
Unknown command.
You feel better. The golden eye blinks at you.
You are confused.
The golden eye blinks at you. You resist with some effort.
The eye of devastation gazes at you. The bolt of devastation hits you!!!
Ouch! That really hurt!
You die...
Your body falls in perfect tune with the rhythm.

Action                     |  1- 3 |  4- 6 |  7- 9 | 10-12 || total
---------------------------+-------+-------+-------+-------++-------
  Melee: Unarmed           |    17 |       |       |       ||    17
         Punch             |     1 |       |       |       ||     1
         Whip              |    93 |    24 |       |       ||   117
         Tailslap          |     4 |    16 |    53 |    54 ||   127
         Dagger            |       |    86 |   397 |   250 ||   733
   Fire: Sling             |    15 |       |       |       ||    15
  Throw: Dart              |       |     9 |    35 |    28 ||    72
 Invoke: Line Pass         |       |       |     2 |     4 ||     6
         Stomp             |       |       |     1 |       ||     1
Ability: Begin Untransform |       |       |     1 |       ||     1
  Evoke: Wand              |       |       |     6 |       ||     6
    Use: Scroll            |       |     4 |    15 |     3 ||    22
         Potion            |       |     2 |     4 |     2 ||     8
   Stab: Paralysed         |       |       |     5 |    10 ||    15
         Confused          |       |       |       |     2 ||     2
 Armour: Animal skin       |    10 |       |       |       ||    10
         Scale mail        |    85 |    68 |   259 |   203 ||   615
         Skin              |       |       |    73 |       ||    73
  Dodge: Dodged            |    50 |    37 |   130 |    93 ||   310

Levels and vault maps discovered:
D:1:      lightli_iron_boxes, layout_basic
D:2:      layout_loops_cross
D:3:      layout_basic, amethyst_killhole
D:4:      minmay_skewed_foursquare, layout_rooms, amcnicky_altar_gilded
D:5:      layout_basic, uniq_sigmund
D:6:      layout_layer_cave, cheibrodos_sewer_entry_drain,
          minmay_misc_feat_more_columns
D:7:      lemuel_ice_spiral_2, layout_basic, minmay_temple_entry_arrows
D:8:      layout_basic, lemuel_coloured_pillars_altar, minmay_hedge_maze
D:9:      layout_rooms, nicolae_elyvilon_temple_path, fedhas_altar_1,
          david_orc_2, uniq_pikel
D:10:     layout_irregular_city, regret_index_xom_of_box, david_lair_generic,
          gammafunk_ghost_necromancy, grunt_ogre_cave
Temple:   nicolae_temple_bog_church
Lair:1:   layout_concentric_octagons, gauntlet_entry_generic,
          cheibrodos_lair_caveside_slide, serial_bayou_ford_a, st_stairs_7
Gauntlet: gammafunk_gauntlet_77_escape_option [minmay_gauntlet_arena_77_museum,
          minmay_gauntlet_arena_77_checkered,
          minmay_gauntlet_arena_77_shame_cube, minmay_gauntlet_arena_77_mirror,
          minmay_gauntlet_arena_77_chump_sandwich, gauntlet_exit_watery]

Notes
Turn   | Place    | Note
-------+----------+-------------------------------------------
     0 | D:1      | araganzar the Demonspawn Shapeshifter began the quest for
                  | the Orb.
     0 | D:1      | Reached XP level 1. HP: 15/15 MP: 1/1
   184 | D:1      | Gained mutation: When seriously injured, your blood forms
                  | armour. (AC +6) [demonic ancestry]
   184 | D:1      | Reached XP level 2. HP: 21/21 MP: 2/2
   215 | D:1      | Reached skill level 3 in Shapeshifting
   374 | D:1      | Reached skill level 2 in Fighting
   513 | D:1      | Gained mutation: You have a small tail. [demonic ancestry]
   513 | D:1      | Reached XP level 3. HP: 25/27 MP: 3/3
  1391 | D:3      | Reached XP level 4. HP: 16/32 MP: 4/4
  1398 | D:3      | Reached skill level 3 in Fighting
  1414 | D:3      | Reached skill level 1 in Maces & Flails
  2064 | D:4      | Reached skill level 1 in Short Blades
  2064 | D:4      | Reached XP level 5. HP: 38/41 MP: 5/5
  2094 | D:4      | Reached skill level 2 in Short Blades
  2132 | D:4      | Gained mutation: You regenerate a little health from kills.
                  | [demonic ancestry]
  2132 | D:4      | Reached XP level 6. HP: 29/48 MP: 6/6
  2371 | D:4      | Reached skill level 4 in Fighting
  2371 | D:4      | Reached skill level 4 in Shapeshifting
  2494 | D:4      | Found a stormy altar of Qazlal.
  2795 | D:5      | Entered Level 5 of the Dungeon
  2936 | D:5      | Reached skill level 5 in Shapeshifting
  2962 | D:5      | Reached XP level 7. HP: 54/54 MP: 7/7
  3123 | D:5      | Noticed Sigmund
  3166 | D:4      | Reached skill level 5 in Fighting
  3287 | D:5      | Reached skill level 6 in Shapeshifting
  3297 | D:5      | Reached skill level 1 in Evocations
  3300 | D:5      | Reached XP level 8. HP: 38/62 MP: 8/8
  3315 | D:5      | Reached skill level 2 in Evocations
  3352 | D:5      | Identified a scroll of acquirement
  3352 | D:5      | Acquired the scarf of Pathos {rC+ rF+, ^Contam rElec Slay+2
                  | Stlth+}
  3454 | D:5      | Reached skill level 3 in Evocations
  3620 | D:5      | Killed Sigmund
  3654 | D:5      | Reached skill level 1 in Throwing
  3863 | D:6      | Reached skill level 7 in Shapeshifting
  4012 | D:6      | Reached skill level 2 in Throwing
  4045 | D:6      | You fall into a shaft and drop 3 floors!
  4047 | D:9      | Gained mutation: You are weak. (Str -2) [potion of
                  | mutation]
  4047 | D:9      | Gained mutation: You have a somewhat thin skeletal
                  | structure. (Dex +2, Stealth+) [potion of mutation]
  4047 | D:9      | Gained mutation: Your magical capacity is low. (-10% MP)
                  | [potion of mutation]
  4047 | D:9      | Gained mutation: You have large cloven feet. [potion of
                  | mutation]
  4405 | D:6      | Found a glowing drain.
  4414 | Sewer    | Entered a sewer
  4517 | Sewer    | Reached skill level 3 in Short Blades
  4517 | Sewer    | Reached skill level 3 in Throwing
  4994 | Sewer    | Reached XP level 9. HP: 68/68 MP: 8/8
  5065 | Sewer    | Reached skill level 4 in Short Blades
  5065 | Sewer    | Reached skill level 4 in Throwing
  5313 | D:6      | Reached skill level 2 in Dodging
  5628 | D:6      | Reached skill level 3 in Dodging
  5683 | D:6      | Lost mutation: Your magical capacity is low. (-10% MP)
                  | [potion of mutation]
  5683 | D:6      | Lost mutation: You have a somewhat thin skeletal structure.
                  | (Dex +2, Stealth+) [potion of mutation]
  5683 | D:6      | Lost mutation: You have large cloven feet. [potion of
                  | mutation]
  5683 | D:6      | Gained mutation: Your magical capacity is low. (-10% MP)
                  | [potion of mutation]
  5683 | D:6      | Gained mutation: You occasionally lose the ability to read
                  | scrolls when taking damage. [potion of mutation]
  5838 | D:6      | Reached skill level 4 in Dodging
  6549 | D:7      | Reached skill level 1 in Staves
  6632 | D:7      | Reached skill level 2 in Staves
  6779 | D:7      | Reached skill level 3 in Staves
  6955 | D:7      | Found a staircase to the Ecumenical Temple.
  6962 | Temple   | Entered the Ecumenical Temple
  6976 | Temple   | Became a worshipper of Uskayaw the Reveller
  7282 | D:8      | Reached * piety under Uskayaw
  7290 | D:8      | Reached ** piety under Uskayaw
  7295 | D:8      | Reached skill level 1 in Invocations
  7295 | D:8      | Reached *** piety under Uskayaw
  7302 | D:8      | Reached **** piety under Uskayaw
  7396 | D:8      | Reached skill level 2 in Invocations
  7692 | D:8      | Reached skill level 5 in Short Blades
  7692 | D:8      | Reached skill level 1 in Stealth
  7692 | D:8      | Reached skill level 3 in Invocations
  7855 | D:8      | Learned a level 3 spell: Mephitic Cloud
  7857 | D:8      | Learned a level 1 spell: Apportation
  8200 | D:8      | Reached skill level 4 in Invocations
  8228 | D:8      | Found a hazy altar of Hepliaklqana.
  8473 | D:9      | Noticed Pikel
  8473 | D:9      | Noticed a two-headed ogre
  8493 | D:8      | Killed Pikel
  8494 | D:8      | Reached skill level 2 in Stealth
  8494 | D:8      | Reached XP level 10. HP: 74/74 MP: 10/12
  8552 | D:9      | Found a blossoming altar of Fedhas.
  8587 | D:9      | Killed a two-headed ogre
  8588 | D:9      | Reached skill level 6 in Short Blades
  8588 | D:9      | Reached skill level 3 in Stealth
  8588 | D:9      | Reached skill level 5 in Invocations
  8810 | D:8      | Reached skill level 6 in Invocations
  9136 | D:9      | Reached skill level 4 in Stealth
  9150 | D:9      | Found a staircase to the Orcish Mines.
  9245 | D:9      | Reached skill level 7 in Invocations
  9252 | D:9      | Reached skill level 8 in Invocations
  9521 | D:10     | Entered Level 10 of the Dungeon
  9551 | D:10     | Reached skill level 9 in Invocations
  9574 | D:10     | Reached ***** piety under Uskayaw
  9771 | D:10     | Noticed a two-headed ogre
  9795 | D:10     | Killed a two-headed ogre
  9796 | D:10     | Gained mutation: You are partially covered in sharp spines.
                  | [demonic ancestry]
  9796 | D:10     | Reached XP level 11. HP: 45/80 MP: 16/16
 10140 | D:10     | Found a staircase to the Lair.
 10231 | D:10     | Reached skill level 5 in Stealth
 10411 | D:10     | Found a runed translucent gate.
 10411 | D:10     | Found a runed translucent gate.
 10411 | D:10     | Found a runed translucent gate.
 10411 | D:10     | Noticed Fodor's ghost (journeyman MiFi)
 10527 | D:10     | Reached skill level 6 in Fighting
 10627 | D:10     | Found a shimmering altar of Xom.
 10654 | D:10     | Reached skill level 10 in Invocations
 10906 | D:10     | Reached skill level 7 in Short Blades
 11344 | D:10     | Noticed a two-headed ogre
 11354 | D:10     | Killed a two-headed ogre
 11355 | D:10     | Reached skill level 6 in Stealth
 11429 | Lair:1   | Entered Level 1 of the Lair of Beasts
 11535 | Lair:1   | Reached skill level 8 in Short Blades
 11598 | Lair:1   | Found a gate leading to a gauntlet.
 11619 | Gauntlet | Entered a Gauntlet
 11619 | Gauntlet | Found a transporter.
 11626 | Gauntlet | Found a transporter.
 11629 | Gauntlet | Found a transporter.
 11630 | Gauntlet | Found a transporter.
 11633 | Gauntlet | Noticed a large abomination
 11639 | Gauntlet | Found a transporter.
 11641 | Gauntlet | Found a transporter.
 11642 | Gauntlet | Found a transporter.
 11646 | Gauntlet | Found a runed translucent door.
 11646 | Gauntlet | Found a runed translucent door.
 11650 | Gauntlet | Found a transporter.
 11653 | Gauntlet | Found a transporter.
 11654 | Gauntlet | Found a transporter.
 11662 | Gauntlet | Found a transporter.
 11665 | Gauntlet | Found a transporter.
 11666 | Gauntlet | Found a transporter.
 11668 | Gauntlet | Noticed a death yak
 11668 | Gauntlet | Noticed a death yak
 11669 | Gauntlet | Noticed a death yak
 11669 | Gauntlet | Noticed a death yak
 11673 | Gauntlet | Noticed a necromancer
 11677 | Gauntlet | Found a transporter.
 11763 | Gauntlet | Killed from afar by an eye of devastation

Vanquished Creatures
  3 two-headed ogres
  Pikel (D:8)
  An elephant (D:10)
  An unseen horror (D:10)
  2 komodo dragons (Lair:1)
  A troll (D:9)
  3 slime creatures
  Sigmund (D:5)
  13 yaks
  A wyvern (D:9)
  A fire bat (D:10)
  2 steam dragons
  A hell hound (D:10)
  6 water moccasins
  2 sky beasts
  5 ogres
  3 orc warriors
  3 black bears
  2 ice beasts (D:6)
  3 wolves (Lair:1)
  A crocodile (Sewer)
  2 centaurs
  A phantom (D:6)
  A lemure (D:8)
  6 kobold brigands
  A brain worm (Sewer)
  4 bullfrogs
  4 scorpions
  3 gnoll sergeants
  3 killer bees (D:5)
  4 howler monkeys
  5 hounds
  8 orc priests
  2 jellies
  2 gnoll boudas
  3 iguanas
  11 orc wizards
  22 gnolls
  6 adders
  2 river rats (Sewer)
  A shadow imp (D:6)
  3 dart slugs
  A ribbon worm (D:3)
  36 orcs
  10 endoplasms
  6 giant cockroaches
  10 goblins
  6 hobgoblins
  5 jackals
  20 kobolds
  3 quokkas
  4 ball pythons
  4 bats
  5 frilled lizards
  7 rats
267 creatures vanquished.

Vanquished Creatures (others)
  A sky beast (D:7)
  An orc (D:8)
2 creatures vanquished.

Grand Total: 269 creatures vanquished
